Map: Echo LE (Void)

Players

RotterdaM - Winner!

  • Race: Protoss Protoss

Wintersc2 (Winter)

  • Race: Protoss Protoss

VOD

Have the link to the VOD?

Description

Time

  • Played on: April 8, 2015, 5:43 p.m.
  • Length: 6:05
Show
View Real Time Build Order
Export as new Build Order

RotterdaM Protoss - Winner!

Build Orders: Phoenix Opening, Phoenix Opening 

Get SALT Encoding   

  12  0:02  Probe  
  13  0:14  Pylon  
  13  0:18  Probe  
  14  0:32  Gateway  
  14  0:36  Probe (Chrono Boost)  
  14  0:41  Assimilator  
  15  0:48  Probe (Chrono Boost)  
  16  0:56  Probe (Chrono Boost)  
  17  1:05  Probe  
  18  1:17  Probe  
  19  1:20  Cybernetics Core  
  19  1:22  Gateway  
  19  1:28  Assimilator  
  19  1:29  Probe  
  20  1:37  Pylon  
  20  1:41  Probe  
  21  1:53  Probe  
  22  1:58  Warp Gate  
  22  2:01  Stalker (Chrono Boost)  
  24  2:05  Probe  
  25  2:13  Stalker (Chrono Boost)  
  27  2:17  Probe, Pylon  
  28  2:28  Stalker (Chrono Boost)  
  30  2:35  Probe  
  30  2:36  Stargate  
  31  2:45  Stalker (Chrono Boost)  
  33  3:04  Pylon  
  33  3:15  Nexus  
  33  3:28  Phoenix (Chrono Boost)  
  35  3:45  Pylon  
  35  3:47  Phoenix  
  37  3:57  Robotics Facility  
  37  4:08  Stalker x2  
  41  4:19  Phoenix (Chrono Boost)  
  41  4:22  Probe  
  42  4:32  Stalker  
  42  4:34  Probe  
  42  4:37  Zealot  
  47  5:03  Probe (Chrono Boost)  
  47  5:05  Phoenix  
  47  5:06  Probe (Chrono Boost)  
  50  5:16  Probe (Chrono Boost)  
  48  5:23  Probe (Chrono Boost)  
  48  5:24  Probe (Chrono Boost)  
  48  5:28  Stalker, Zealot  
  54  5:30  Phoenix (Chrono Boost)  
  58  5:36  Probe (Chrono Boost)  
  58  5:41  Probe (Chrono Boost)  
  56  5:50  Probe x2  
  56  5:52  Pylon  
  59  6:02  Pylon  
  60  6:05  Stalker x2  
Show
View Real Time Build Order
Export as new Build Order

Wintersc2 Protoss 

Build Orders: Nexus First, Phoenix Opening 

Get SALT Encoding   

  12  0:01  Probe  
  13  0:13  Pylon  
  13  0:17  Probe  
  14  0:31  Probe (Chrono Boost)  
  15  0:41  Probe (Chrono Boost)  
  16  0:48  Probe  
  17  0:59  Nexus  
  17  1:10  Gateway  
  17  1:12  Probe (Chrono Boost)  
  18  1:21  Assimilator  
  18  1:22  Probe (Chrono Boost)  
  19  1:29  Probe (Chrono Boost)  
  19  1:32  Pylon  
  20  1:41  Probe (Chrono Boost)  
  21  1:49  Probe (Chrono Boost)  
  21  1:52  Assimilator  
  22  1:55  Gateway  
  22  2:06  Cybernetics Core  
  22  2:10  Zealot  
  22  2:15  Probe x2  
  26  2:27  Probe  
  26  2:36  Mothership Core  
  26  2:37  Zealot  
  26  2:43  Warp Gate (Chrono Boost)  
  30  2:45  Stalker  
  30  2:47  Probe  
  33  2:56  Probe  
  34  3:01  Probe  
  34  3:12  Stargate  
  34  3:16  Probe  
  35  3:21  Stalker  
  37  3:30  Probe  
  38  3:42  Zealot  
  40  3:57  Phoenix (Chrono Boost)  
  42  4:05  Probe  
  42  4:06  Probe  
  44  4:23  Pylon  
  44  4:36  Probe x2  
  44  4:38  Pylon  
  44  4:39  Pylon  
  44  4:41  Phoenix (Chrono Boost)  
  46  4:46  Pylon  
  46  4:47  Zealot x2  
  46  4:48  Probe x2  
  42  5:00  Probe  
  42  5:07  Stalker x2  
  41  5:18  Void Ray (Chrono Boost)  
  39  5:25  Probe  
  37  5:32  Sentry  
  37  5:33  Gateway  
  37  5:34  Gateway  
  39  5:37  Sentry  
  28  5:53  Zealot  
Tags
 
Add a new tag
Caveats
  • Supply blocks, unpowered buildings, or Contaminate may cause inaccurate times.
  • Supply counts are checked every 10 seconds.